 Dungeon Crawl Stone Soup version 0.24-a0-504-gcfb02b9d07 (webtiles) character file.

Game seed: 8239278068406806761

24465 Arthanis the Destroyer (level 12, -5/62 HPs)
             Began as a Deep Elf Fire Elementalist on July 17, 2019.
             Was an Elder of Vehumet.
             Hit by a large rock thrown by a cyclops (40 damage)
             ... on level 13 of the Dungeon.
             The game lasted 00:44:20 (12637 turns).

Arthanis the Destroyer (DEFE)                      Turns: 12637, Time: 00:44:20

Health: -5/62      AC:  5    Str:  5    XL:     12   Next: 80%
Magic:  13/29      EV: 15    Int: 26    God:    Vehumet [****..]
Gold:   551        SH:  5    Dex: 15    Spells: 14/33 levels left

rFire    + + .     SeeInvis .   D - staff of energy
rCold    x . .     Gourm    .   S - +0 buckler {reflect}
rNeg     . . .     Faith    .   E - +0 robe {rF+}
rPois    .         Spirit   .   (no helmet)
rElec    .         Reflect  +   s - +1 cloak
rCorr    .         Harm     .   O - +0 pair of gloves
MR       +....                  (no boots)
Stlth    ++........             (no amulet)
HPRegen  0.20/turn              f - ring of wizardry
MPRegen  0.21/turn              A - ring of fire

@: no status effects
A: no striking features
a: Renounce Religion


You were on level 13 of the Dungeon.
You worshipped Vehumet.
Vehumet was greatly pleased with you.
You were not hungry.

You visited 2 branches of the dungeon, and saw 14 of its levels.

You collected 695 gold pieces.
You spent 144 gold pieces at shops.

Inventory:

Hand Weapons
 d - a +0 dagger
 k - a +2 dagger of holy wrath
 p - a +2 spear of venom
 K - a +1 whip of electrocution
 N - a +0 short sword
Armour
 a - a +0 robe
 n - a +1 cloak
 s - a +1 cloak (worn)
 v - a +0 buckler
 E - a +0 robe of fire resistance (worn)
 O - a +0 pair of gloves (worn)
 S - a +0 buckler of reflection (worn)
Magical Staves
 D - an uncursed staff of energy (weapon)
Jewellery
 f - a ring of wizardry (left hand)
 A - a ring of fire (right hand)
 L - an uncursed ring of see invisible
Wands
 q - a wand of scattershot (12)
 G - a wand of enslavement (5)
 J - a wand of disintegration (9)
Scrolls
 e - 4 scrolls of fear
 h - 5 scrolls of remove curse
 i - 5 scrolls of immolation
 l - 3 scrolls of fog
 m - a scroll of noise
 o - 3 scrolls of magic mapping
 r - 3 scrolls of random uselessness
 u - a scroll of amnesia
 y - a scroll of teleportation
 z - 2 scrolls of enchant armour
 C - a scroll of blinking
 F - 2 scrolls of brand weapon
 R - a scroll of silence
 T - a scroll of enchant weapon
Potions
 b - 3 potions of degeneration
 g - 5 potions of curing
 j - a potion of might
 t - a potion of mutation
 w - 5 potions of heal wounds
 x - 2 potions of brilliance
 B - 2 potions of magic
 H - a potion of resistance
 I - a potion of agility {unknown}
 P - a potion of berserk rage {unknown}
 Q - a potion of lignification {unknown}
 V - a potion of flight {unknown}
Miscellaneous
 M - a lamp of fire
Comestibles
 c - 22 rations
 U - 10 chunks of flesh


   Skills:
 - Level 2.0 Fighting
 + Level 5.4 Dodging
 - Level 3.0 Stealth
 - Level 4.0 Shields
 + Level 11.2 Spellcasting
 * Level 13.2 Conjurations
 * Level 13.2 Fire Magic
 + Level 8.2 Evocations


You had 14 spell levels left.
You knew the following spells:

 Your Spells              Type           Power        Failure   Level  Hunger
a - Flame Tongue          Conj/Fire      #####        0%          1    None
b - Conjure Flame         Conj/Fire      #######.     1%          3    None
c - Sticky Flame          Conj/Fire      #######.     1%          4    None
d - Fireball              Conj/Fire      #######...   1%          5    None
e - Magic Dart            Conj           ####         0%          1    None
f - Bolt of Magma         Conj/Fire/Erth ######....   1%          5    None

Your spell library contained the following spells:

 Spells                   Type           Power        Failure   Level  Hunger
 Poison Arrow             Conj/Pois      #####.....   4%          6    None
 Animate Skeleton         Necr           N/A          1%          1    None
 Apportation              Tloc           ##....       1%          1    None
 Confusing Touch          Hex            ##....       1%          1    None
 Corona                   Hex            ##.....      1%          1    None
 Summon Small Mammal      Summ           ##..         1%          1    None
 Throw Flame              Conj/Fire      ######       1%          2    None
 Dazzling Spray           Conj/Hex       #####.       1%          3    None
 Inner Flame              Hex/Fire       ######..     1%          3    None
 Ensorcelled Hibernation  Hex/Ice        ##....       2%          2    None
 Confuse                  Hex            ##......     4%          3    None
 Tukima's Dance           Hex            ##......     4%          3    None


Dungeon Overview and Level Annotations

Branches:
Dungeon (13/15)            Temple (1/1) D:5            Lair (0/6) D:8
    Orc (0/2) D:10
 Vaults: D:13-14

Altars:
Ashenzari
Cheibriados
Dithmenos
Elyvilon
Fedhas
Gozag
Hepliaklqana
Kikubaaqudgha
Makhleb
Nemelex Xobeh
Okawaru
Qazlal
Ru
Sif Muna
Trog
Uskayaw
Vehumet
Wu Jian
Xom
Yredelemnul
Zin
The Shining One

Shops:
D:9 (=(?

Annotations:
D:7 3 runed translucent doors, mhoghedin's ghost, novice OpVM


Message History

You carefully extract the barbed spikes from your body.
Nothing appears to happen.
You channel some magical energy.
You feel slightly more hungry.
Nothing appears to happen.
You channel some magical energy.
You feel slightly more hungry.
Nothing appears to happen.
An orc opens the door.
The orc zaps a wand.
You resist with significant effort.
A cyclops comes into view.
You see here 28 gold pieces.
Casting: Fireball (safe; 1% risk of failure)
Confirm with . or Enter, or press ? or * to list all spells.
Aiming: Flame Tongue (safe; 0% risk of failure)
Press: ? - help, Shift-Dir - straight line, f - orc
Aim: an orc, wielding a +0 short sword, wearing a +0 leather armour and carrying a wand of disintegration (13)
You feel a surge of power!
The flame tongue hits the orc but does no damage.
The orc zaps a wand.
You resist with significant effort.
The cyclops throws a large rock.
The large rock hits you!!!
Ouch! That really hurt!
You die...

###.........)#####.(.......
#..........# #.....รท...
#.+######### #######(## #.
.# ##..## # .## #..### ..#
#####'#### ##C######o#####
#......[.. #.............#
#.....(... #.......$@....#
#......... #.............#
#.........
#.............###.........
#.......>.....#.'.........
#.............'.#.........
#.............###<........
##.############ #######.##
#. ..# #.#


You could see a cyclops and an orc.

Vanquished Creatures
  A hydra (D:9)
  An ogre mage (D:11)
  3 two-headed ogres
  An unseen horror (D:10)
  Pikel (D:8)
  2 cyclopes
  3 manticores
  An ugly thing (D:11)
  2 deep elf magi
  An ice statue (D:12)
  Joseph (D:7)
  2 gargoyles
  An efreet (D:13)
  2 centaur skeletons
  3 kobold demonologists
  8 ice devils (D:12)
  8 trolls
  2 dream sheep (D:9)
  4 hippogriffs
  2 wraiths
  A vampire (D:13)
  A shadow (D:11)
  A wyvern (D:10)
  5 yaks
  Grum (D:9)
  3 hungry ghosts
  A vampire mosquito (D:13)
  A water moccasin (D:9)
  5 ice beasts
  2 black bears (D:11)
  3 orc warriors
  4 sky beasts
  A necrophage (D:9)
  9 ogres
  An ogre (shapeshifter) (D:13)
  A phantom (D:10)
  5 centaurs
  2 wolves (D:9)
  6 big kobolds
  7 bullfrogs
  A gnoll sergeant (D:8)
  2 troll zombies (D:10)
  4 scorpions
  9 killer bees
  5 wights (D:11)
  10 howler monkeys
  5 crimson imps
  3 centaur zombies
  11 orc priests
  3 bullfrog zombies
  7 hounds
  4 quasits
  5 jellies
  10 orc wizards
  7 iguanas
  10 worker ants
  6 ogre zombies (D:10)
  A worker ant zombie (D:9)
  A howler monkey zombie (D:7)
  5 gnolls (D:8)
  2 howler monkey skeletons
  18 adders
  3 shadow imps
  4 ufetubi (D:12)
  2 oozes
  2 adder skeletons
  3 worms
  3 dart slugs
  7 leopard geckos
  37 orcs
  4 bats (D:3)
  7 giant cockroaches
  9 goblins
  8 hobgoblins
  9 jackals
  4 kobolds
  6 quokkas
  2 ball pythons
  A frilled lizard (D:4)
  2 goblin skeletons (D:10)
  4 goblin zombies (D:10)
  A hobgoblin skeleton (D:10)
  2 hobgoblin zombies (D:10)
  A jackal skeleton (D:5)
  A leopard gecko skeleton (D:4)
  2 orc skeletons (D:10)
  13 orc zombies (D:10)
  A quokka skeleton (D:4)
  2 quokka zombies (D:9)
  13 rats
391 creatures vanquished.

Vanquished Creatures (collateral kills)
  An orc zombie (D:10)
1 creature vanquished.

Vanquished Creatures (others)
  2 slaves (D:8)
  An orc (D:8)
  2 plants (D:9)
5 creatures vanquished.

Grand Total: 397 creatures vanquished

Notes
Turn   | Place    | Note
-------+----------+-------------------------------------------
     0 | D:1      | Arthanis the Deep Elf Fire Elementalist began the quest for
                  | the Orb.
     0 | D:1      | Reached XP level 1. HP: 10/10 MP: 6/6
   124 | D:1      | Reached XP level 2. HP: 15/15 MP: 4/8
   985 | D:2      | Reached XP level 3. HP: 16/19 MP: 3/9
  1088 | D:2      | Found a shadowy altar of Dithmenos.
  1311 | D:2      | Found a sacrificial altar of Ru.
  1672 | D:3      | Learned a level 3 spell: Conjure Flame
  1756 | D:3      | Reached XP level 4. HP: 18/24 MP: 4/11
  1762 | D:3      | Learned a level 4 spell: Sticky Flame
  2063 | D:3      | Reached XP level 5. HP: 28/28 MP: 9/13
  2439 | D:3      | Found a shimmering altar of Xom.
  2488 | D:4      | Reached skill level 5 in Fire Magic
  2712 | D:4      | Learned a level 5 spell: Fireball
  2835 | D:4      | Reached XP level 6. HP: 20/32 MP: 9/15
  3015 | D:4      | Reached skill level 5 in Spellcasting
  3338 | D:5      | Entered Level 5 of the Dungeon
  3338 | D:5      | Found a blossoming altar of Fedhas.
  3338 | D:5      | Found a glowing golden altar of the Shining One.
  3338 | D:5      | Found a bloodstained altar of Trog.
  3363 | D:5      | Reached skill level 5 in Conjurations
  3416 | D:5      | Found a staircase to the Ecumenical Temple.
  3433 | Temple   | Entered the Ecumenical Temple
  3495 | D:5      | Reached XP level 7. HP: 36/36 MP: 10/16
  4166 | D:6      | Reached skill level 1 in Evocations
  4181 | D:6      | Reached XP level 8. HP: 41/41 MP: 8/19
  4691 | D:7      | Noticed Joseph
  5180 | D:7      | Found a runed translucent gate.
  5184 | D:7      | Reached XP level 9. HP: 27/45 MP: 15/21
  5187 | D:7      | Found a runed translucent gate.
  5196 | D:7      | Found a runed translucent gate.
  5197 | D:7      | Noticed mhoghedin's ghost (novice OpVM)
  5197 | D:7      | Identified the +11 whip of Gozag's Regard {elec, *Slow +Inv
                  | rPois rN+}
  5199 | D:7      | Noticed a kobold demonologist
  5244 | D:7      | Killed Joseph
  5597 | D:7      | Found a sparkling altar of Nemelex Xobeh.
  5597 | D:7      | Found a radiant altar of Vehumet.
  5602 | D:7      | Became a worshipper of Vehumet
  6209 | D:8      | Noticed Pikel
  6218 | D:8      | Killed Pikel
  6228 | D:8      | Noticed a troll
  6400 | D:8      | Found a staircase to the Lair.
  6493 | D:8      | Killed a troll
  6538 | D:8      | Reached skill level 10 in Fire Magic
  6538 | D:8      | Reached skill level 5 in Evocations
  6538 | D:8      | Reached XP level 10. HP: 50/50 MP: 9/24
  7001 | D:9      | Found Dybbofieff's Antique Weapon Shoppe.
  7112 | D:9      | Reached * piety under Vehumet
  7112 | D:9      | Offered knowledge of Magic Dart by Vehumet.
  7115 | D:9      | Learned a level 1 spell: Magic Dart
  7118 | D:9      | Found Qumuic's Jewellery Boutique.
  7157 | D:9      | Identified the +8 hand axe of the Ecumenical Temple {chop,
                  | rF++ Dex+3}
  7157 | D:9      | Identified the amulet "Xaegg" {RegenMP rN+ MR+ Str+2}
  7378 | D:9      | Found Roexun's Weapon Emporium.
  7386 | D:9      | Noticed Grum
  7398 | D:9      | Reached skill level 10 in Conjurations
  7701 | D:9      | Noticed a deep elf mage
  7703 | D:9      | Killed a deep elf mage
  7905 | D:9      | Noticed a two-headed ogre
  8115 | D:9      | Noticed a manticore
  8119 | D:9      | Killed a manticore
  8194 | D:9      | Noticed a three-headed hydra
  8198 | D:9      | Killed a three-headed hydra
  8198 | D:9      | Reached XP level 11. HP: 45/54 MP: 10/26
  8236 | D:9      | Found Xuuqio's Magic Scroll Shoppe.
  8252 | D:9      | Offered knowledge of Searing Ray by Vehumet.
  8254 | D:9      | Bought a scroll of identify for 24 gold pieces
  8254 | D:9      | Bought 2 scrolls of identify for 48 gold pieces
  8254 | D:9      | Bought a scroll of identify for 24 gold pieces
  8254 | D:9      | Bought a scroll of identify for 24 gold pieces
  8254 | D:9      | Bought a scroll of identify for 24 gold pieces
  8299 | D:9      | Reached ** piety under Vehumet
  8570 | D:9      | Killed Grum
  8570 | D:9      | Reached skill level 10 in Spellcasting
  8683 | D:9      | Killed a two-headed ogre
  8778 | D:10     | Entered Level 10 of the Dungeon
  8792 | D:10     | Offered knowledge of Static Discharge by Vehumet.
  8796 | D:9      | Identified the +2 ring mail "Humivuph" {MP+9 Str-4 Dex+6
                  | Slay+2}
  9085 | D:9      | Reached *** piety under Vehumet
  9197 | D:10     | Offered knowledge of Olgreb's Toxic Radiance by Vehumet.
  9209 | D:10     | Found a staircase to the Orcish Mines.
  9497 | D:10     | Noticed an unseen horror
  9500 | D:10     | Killed an unseen horror
  9500 | D:10     | Reached skill level 1 in Shields
  9790 | D:11     | Reached **** piety under Vehumet
  9811 | D:11     | Noticed a red ugly thing
 10061 | D:11     | Offered knowledge of Bolt of Magma by Vehumet.
 10105 | D:11     | Learned a level 5 spell: Bolt of Magma
 10148 | D:11     | Noticed a cyan ugly thing
 10151 | D:11     | Killed a cyan ugly thing
 10151 | D:11     | Reached skill level 1 in Fighting
 10750 | D:11     | Found a basalt altar of Yredelemnul.
 10750 | D:11     | Found a shimmering altar of Xom.
 10750 | D:11     | Noticed an ogre mage
 10752 | D:11     | Killed an ogre mage
 10752 | D:11     | Reached XP level 12. HP: 62/62 MP: 17/28
 10837 | D:11     | Noticed a stone giant
 10970 | D:11     | Noticed a storm dragon
 11055 | D:12     | Reached ***** piety under Vehumet
 11100 | D:12     | Offered knowledge of Poison Arrow by Vehumet.
 11248 | D:12     | Noticed a two-headed ogre
 11250 | D:12     | Killed a two-headed ogre
 11526 | D:12     | Found a bloodstained altar of Trog.
 11556 | D:12     | Noticed a two-headed ogre
 11558 | D:12     | Killed a two-headed ogre
 12369 | D:13     | Reached skill level 5 in Dodging
 12637 | D:13     | Hit by a large rock thrown by a cyclops

Levels and vault maps discovered:
D:1:      dpeg_arrival_round_c, layout_basic
D:2:      layout_loops_corners, lemuel_round_altar, nicolae_ru_awakened_eye,
          first_ration, minmay_circle_x
D:3:      minmay_angry_zag, layout_loops_ring, led_xom_imps
D:4:      layout_loops_ring, minmay_lizard_king
D:5:      layout_rooms, chequers_temple_overflow_statue_of_worship,
          minmay_temple_entry_glassed_door, serial_curves, eino_curves_03,
          eino_curves_04, eino_curves_04, eino_curves_01, minmay_starry_boxes
D:6:      layout_rooms
D:7:      layout_layer_cave, gammafunk_temple_overflow_statue,
          gammafunk_ghost_nasty_kobolds, uniq_joseph
D:8:      layout_layer_cave, lair_entry_dummy, uniq_pikel
D:9:      minmay_the_grid_octo_2x2 [minmay_the_grid_octo_odd_swirl,
          minmay_the_grid_octo_toaster, minmay_the_grid_octo_fan_narrow,
          minmay_the_grid_octo_prize_ultimate_mussel_roller], layout_long_grid,
          serial_shops, shop, shop, nicolae_shop_trees, shop, hangedman_ranch
          [blue_anna_fruit_fields], kennysheep_generic_room_14, uniq_grum
D:10:     layout_cross, zombieorc2_lemuel
D:11:     layout_basic, chequers_serial_rivers_marsh, jmf_multi_god_temple
D:12:     cheibrodos_frozen_isle, layout_layer_cave, grunt_ministairs_2,
          chequers_garden, nrook_campfire, bloody_trog
D:13:     layout_roguey, skrybe_vaults_entry_preservation, basic_altar,
          kennysheep_cross_bottleneck, minmay_alternating_orb
Temple:   eino_temple_lava

Skill      XL: |  1  2  3  4  5  6  7  8  9 10 11 12 |
---------------+-------------------------------------+-----
Conjurations   | 2 3 4 5 6 7 9 11 12 13 | 13.2
Fire Magic     | 4 5 6 7 8 10 11 12 13 | 13.2
Spellcasting   | 4 5 6 7 8 9 10 11 | 11.2
Evocations     | 1 3 5 6 7 8 |  8.2
Dodging        | 3 5 |  5.4
Stealth        | 3 |  3.0
Shields        | 4 |  4.0
Fighting       | 2 |  2.0

Action                   |  1- 3 |  4- 6 |  7- 9 | 10-12 || total
-------------------------+-------+-------+-------+-------++-------
Melee: Dagger            |     5 |       |    13 |       ||    18
       Spear             |    15 |    72 |    91 |    45 ||   223
       Staff             |       |       |       |     7 ||     7
 Cast: Flame Tongue      |    45 |    52 |   126 |   306 ||   529
       Conjure Flame     |       |     6 |    14 |    32 ||    52
       Sticky Flame      |       |     4 |    15 |    42 ||    61
       Fireball          |       |       |    11 |   105 ||   116
       Magic Dart        |       |       |       |    29 ||    29
       Bolt of Magma     |       |       |       |     5 ||     5
Evoke: Wand              |       |       |     1 |     1 ||     2
       Staff of energy   |       |       |       |   116 ||   116
       Lamp of fire      |       |       |       |     1 ||     1
       Phantom mirror    |       |       |       |     1 ||     1
  Use: Scroll            |       |       |    14 |    13 ||    27
       Potion            |       |       |     1 |       ||     1
 Stab: Sleeping          |    10 |    10 |     1 |       ||    21
       Distracted        |     1 |       |       |       ||     1
  Eat: Chunk             |     1 |     3 |    11 |    13 ||    28
       Ration            |     1 |     1 |       |     5 ||     7
Armor: Robe              |     6 |    19 |    25 |    33 ||    83
Dodge: Dodged            |    24 |    30 |    61 |   125 ||   240
Block: Buckler           |       |       |       |    13 ||    13
       Reflection        |       |       |       |     1 ||     1

Table legend:
 A = Non-vault XP
 B = Vault XP
 C = Vault XP percentage of total XP
 D = Non-vault monster count
 E = Vault monster count
 F = Vault count percentage of total count
                 A         B        C        D         E       F
            +---------+---------+-------+---------+---------+-------
      Total |   20684 |   14266 |  40.8 |     277 |     115 |  29.3
            +---------+---------+-------+---------+---------+-------
        D:1 |      28 |       0 |   0.0 |      14 |       0 |   0.0
        D:2 |      49 |       5 |   9.3 |      10 |       3 |  23.1
        D:3 |     123 |      11 |   8.2 |      28 |       5 |  15.2
        D:4 |     296 |      93 |  23.9 |      15 |       5 |  25.0
        D:5 |     451 |     198 |  30.5 |      16 |       4 |  20.0
        D:6 |     709 |       0 |   0.0 |      18 |       0 |   0.0
        D:7 |     928 |     434 |  31.9 |      20 |       1 |   4.8
        D:8 |    1996 |     607 |  23.3 |      35 |       1 |   2.8
        D:9 |    2622 |    5615 |  68.2 |      27 |      33 |  55.0
       D:10 |    2670 |     675 |  20.2 |      21 |      36 |  63.2
       D:11 |    3452 |    1486 |  30.1 |      39 |       2 |   4.9
       D:12 |    5239 |    3395 |  39.3 |      27 |      18 |  40.0
       D:13 |    2121 |    1747 |  45.2 |       7 |       7 |  50.0
            +---------+---------+-------+---------+---------+-------
